 Dungeon Crawl Stone Soup version 0.22-a0-283-g1871b15 (webtiles) character file.

3758 Amnesiac the Zephyrmancer (level 10, -4/50 HPs)
             Began as a Tengu Air Elementalist on Mar 19, 2018.
             Was a Believer of Sif Muna.
             Slain by a three-headed hydra (12 damage)
             ... on level 8 of the Dungeon.
             The game lasted 00:13:01 (8162 turns).

Amnesiac the Zephyrmancer (Tengu Air Elementalist)  Turns: 8162, Time: 00:13:02

Health: -4/50      AC:  6    Str:  8    XL:     10   Next: 15%
Magic:  6/22       EV: 13    Int: 22    God:    Sif Muna [**....]
Gold:   467        SH:  0    Dex: 18    Spells: 9/24 levels left

rFire    . . .     SeeInvis .   L - +1 hand axe (flame)
rCold    . . .     Gourm    .   (no shield)
rNeg     . . .     Faith    .   D - +2 robe
rPois    .         Spirit   .   A - +2 hat {Int+3}
rElec    .         Reflect  .   (no cloak)
rCorr    .         Harm     +   (no gloves)
MR       .....                  (boots unavailable)
Stlth    ++........             k - amulet of harm
HPRegen  0.16/turn              (no ring)
MPRegen  0.18/turn              h - +3 ring of dexterity

@: divine energy
A: beak, talons 3, able to fly 1
a: Fly, Stop Divine Energy, Renounce Religion


You were on level 8 of the Dungeon.
You worshipped Sif Muna.
Sif Muna was pleased with you.
You were not hungry.

You visited 2 branches of the dungeon, and saw 9 of its levels.

You collected 467 gold pieces.

Inventory:

Hand Weapons
 B - a +0 flail of protection
 L - a +1 hand axe of flaming (weapon)
 M - a +1 dagger of venom
Armour
 A - a +2 hat of intelligence (worn)
 D - a +2 robe (worn)
 F - the +0 leather armour "Waoh" {rC+ Dex+8}
   (You took it off a human on level 6 of the Dungeon)

   It affects your dexterity (+8).
   It protects you from cold.
Jewellery
 a - an uncursed ring of wizardry {unknown}
 b - an uncursed ring of flight
 h - a +3 ring of dexterity (right hand)
 k - an amulet of harm (around neck)
 r - an uncursed ring of fire
Wands
 y - a wand of iceblast (12)
 E - a wand of polymorph (6)
 G - a wand of digging (16)
 I - a wand of acid (8)
Scrolls
 e - 7 scrolls of identify {!r}
 f - 2 scrolls of enchant weapon {!r, unknown}
 g - 3 scrolls of remove curse {!r}
 q - 2 scrolls of teleportation {!r}
 s - 4 scrolls of amnesia {!r, unknown}
 u - 2 scrolls of magic mapping {!r, unknown}
 v - 2 scrolls of immolation {!r, unknown}
 w - 2 scrolls of enchant armour {!r, unknown}
 H - a scroll of silence {!r, unknown}
 J - a scroll of fog {!r, unknown}
Potions
 d - 3 potions of lignification {!q}
 i - 5 potions of agility {!q, unknown}
 j - a potion of magic {!q, unknown}
 l - 2 potions of might {!q, unknown}
 m - 3 potions of curing {!q, unknown}
 n - a potion of heal wounds {!q, unknown}
 o - a potion of ambrosia {!q, unknown}
 p - 3 potions of cancellation {!q, unknown}
 t - 3 potions of mutation {!q, unknown}
 x - 3 potions of degeneration {!q, unknown}
 z - a potion of haste {!q, unknown}
 C - 3 potions of brilliance {!q}
Comestibles
 c - 17 rations
 K - 2 chunks of flesh


   Skills:
 - Level 2.1 Dodging
 - Level 2.0 Stealth
 + Level 7.7 Spellcasting
 - Level 1.3 Conjurations
 * Level 14.9 Air Magic


You had 9 spell levels left.
You knew the following spells:

 Your Spells              Type           Power        Failure   Level  Hunger
a - Airstrike             Air            ######....   1%          4    ###....
b - Static Discharge      Conj/Air       #####...     1%          3    None
c - Lightning Bolt        Conj/Air       #####.....   8%          5    #####..
d - Shock                 Conj/Air       ####         1%          1    None
e - Swiftness             Chrm/Air       #####...     1%          2    None


Dungeon Overview and Level Annotations

Branches:
Dungeon (8/15)             Temple (1/1) D:6
   Lair: D:8-11

Altars:
Cheibriados
Elyvilon
Fedhas
Hepliaklqana
Kikubaaqudgha
Qazlal
Sif Muna
Trog
Vehumet
Xom
Yredelemnul
Zin


Innate Abilities, Weirdness & Mutations

You have a beak for a mouth.
You have claws for feet.
You can fly.


Message History

M - a dagger of venom Some of the chunks of flesh in your inventory have rotted away.
Wield which item (- for none, * to show all)? (? for menu, Esc to quit)
Okay, then.
Drop what? 39/52 slots (_ for help) (? for menu, Esc to quit)
Okay, then.
Wield which item (- for none, * to show all)? (? for menu, Esc to quit)
Your +1 hand axe of flaming bursts into flame!
L - a +1 hand axe of flaming (weapon)
Wear which item? (? for menu, Esc to quit)
Okay, then.
There is an open gate here.
Casting: Airstrike (safe; 1% risk of failure)
Confirm with . or Enter, or press ? or * to list all spells.
Aiming: Airstrike (safe; 1% risk of failure)
Press: ? - help, Dir - move target cursor
Okay, then.
Casting: Airstrike (safe; 1% risk of failure)
Confirm with . or Enter, or press ? or * to list all spells.
Aiming: Shock (safe; 1% risk of failure)
Press: ? - help, Shift-Dir - straight line You hear a shout!
You hear a roar!
Casting: Shock (safe; 1% risk of failure)
Confirm with . or Enter, or press ? or * to list all spells.
Aiming: Airstrike (safe; 1% risk of failure)
Press: ? - help, Dir - move target cursor, f - three-headed hydra
Aim: a three-headed hydra The air twists around and strikes the three-headed hydra!
The three-headed hydra is moderately wounded.
Casting: Airstrike (safe; 1% risk of failure)
Confirm with . or Enter, or press ? or * to list all spells.
Aiming: Airstrike (safe; 1% risk of failure)
Press: ? - help, Dir - move target cursor, f/p - three-headed hydra
Aim: a three-headed hydra (moderately wounded)
The air twists around and strikes the three-headed hydra!
The three-headed hydra is heavily wounded.
The big kobold shouts!
Casting: Airstrike (safe; 1% risk of failure)
Confirm with . or Enter, or press ? or * to list all spells.
Aiming: Airstrike (safe; 1% risk of failure)
Press: ? - help, Dir - move target cursor, f/p - three-headed hydra
Aim: a three-headed hydra (heavily wounded)
The air twists around and strikes the three-headed hydra!
The three-headed hydra is heavily wounded.
Casting: Airstrike (safe; 1% risk of failure)
Confirm with . or Enter, or press ? or * to list all spells.
Aiming: Airstrike (safe; 1% risk of failure)
Press: ? - help, Dir - move target cursor, f/p - three-headed hydra
Aim: a three-headed hydra (heavily wounded)
The air twists around and strikes the three-headed hydra!
The three-headed hydra is severely wounded.
The three-headed hydra bites you! x2
* * * LOW HITPOINT WARNING * * *
The three-headed hydra bites you!
* * * LOW HITPOINT WARNING * * *
You barely miss the three-headed hydra. You claw the three-headed hydra.
The three-headed hydra is severely wounded.
The three-headed hydra completely misses you.
The three-headed hydra bites you.
* * * LOW HITPOINT WARNING * * *
The three-headed hydra bites you but does no damage.
The three-headed hydra completely misses you.
The three-headed hydra bites you!
You die...

########## #.)+.P≈PP#
#%.#≈≈≈≈P# #'##P≈P.≈#
#..#.....### #######
#..D....≈..# #......
#..K@.P.[#.####......
#..'....≈#........[..
#..#.....#.+.........
############.........
#......... ##########
.... ####


You could see a three-headed hydra and a big kobold.

Vanquished Creatures
  2 dream sheep (D:8)
  Sigmund (D:6)
  2 yaks (D:8)
  5 humans (D:6)
  Edmund (D:5)
  Duvessa (D:4)
  A sky beast (D:7)
  2 ice beasts (D:6)
  A phantom (D:4)
  2 ogres
  3 centaurs
  2 big kobolds (D:8)
  A bullfrog (D:7)
  A wyvern zombie (D:7)
  A scorpion (D:8)
  Dowan (D:4)
  2 howler monkeys
  A bullfrog zombie (D:5)
  4 crimson imps
  A centaur zombie (D:5)
  2 jellies
  A bullfrog skeleton (D:6)
  5 orc wizards
  An orc priest (D:6)
  2 hounds (D:7)
  5 worker ants
  A hound skeleton (D:5)
  A howler monkey skeleton (D:7)
  6 adders
  An ooze (D:2)
  An adder zombie (D:5)
  2 adder skeletons
  5 worms
  3 dart slugs
  2 leopard geckos
  20 orcs
  4 ball pythons
  5 bats
  5 giant cockroaches
  11 hobgoblins
  6 jackals
  3 quokkas
  17 frilled lizards
  12 goblins
  3 kobolds
  2 leopard gecko skeletons
  10 rats
171 creatures vanquished.

Vanquished Creatures (others)
  A quokka (D:7)
1 creature vanquished.

Grand Total: 172 creatures vanquished

Notes
Turn   | Place    | Note
-------+----------+-------------------------------------------
     0 | D:1      | Amnesiac the Tengu Air Elementalist began the quest for the Orb.
     0 | D:1      | Reached XP level 1. HP: 10/10 MP: 4/4
   176 | D:1      | Reached XP level 2. HP: 15/15 MP: 1/6
   601 | D:1      | Reached skill level 5 in Air Magic
   673 | D:1      | Reached XP level 3. HP: 19/19 MP: 3/7
   678 | D:1      | Learned a level 3 spell: Static Discharge
  1058 | D:2      | Found a hazy altar of Hepliaklqana.
  1198 | D:2      | Reached XP level 4. HP: 24/24 MP: 3/9
  1237 | D:2      | Learned a level 4 spell: Airstrike
  1460 | D:2      | Reached skill level 6 in Air Magic
  1557 | D:2      | Found a glowing silver altar of Zin.
  2279 | D:3      | Found a bloodstained altar of Trog.
  2465 | D:3      | Gained mutation: You can fly. [Tengu growth]
  2465 | D:3      | Reached XP level 5. HP: 28/28 MP: 8/10
  3125 | D:4      | Reached skill level 7 in Air Magic
  3126 | D:4      | Found a shimmering altar of Xom.
  3186 | D:4      | Noticed a phantom
  3208 | D:4      | Killed a phantom
  3208 | D:4      | Reached XP level 6. HP: 32/32 MP: 0/12
  3339 | D:4      | Noticed Duvessa
  3340 | D:4      | Noticed Dowan
  3346 | D:4      | Killed Dowan
  3358 | D:4      | Killed Duvessa
  3358 | D:4      | Reached skill level 8 in Air Magic
  3369 | D:4      | Reached XP level 7. HP: 21/36 MP: 4/14
  3378 | D:4      | Reached skill level 9 in Air Magic
  3935 | D:4      | Learned a level 5 spell: Lightning Bolt
  3936 | D:5      | Entered Level 5 of the Dungeon
  4066 | D:5      | Noticed Edmund
  4080 | D:5      | Killed Edmund
  4425 | D:5      | Learned a level 2 spell: Swiftness
  4466 | D:5      | Found a blossoming altar of Fedhas.
  4468 | D:5      | Found an ancient bone altar of Kikubaaqudgha.
  4482 | D:5      | Reached skill level 10 in Air Magic
  4524 | D:5      | Reached skill level 5 in Spellcasting
  4524 | D:5      | Reached XP level 8. HP: 39/41 MP: 10/16
  5185 | D:6      | Found a radiant altar of Vehumet.
  5391 | D:6      | Reached skill level 11 in Air Magic
  5547 | D:6      | Found a staircase to the Ecumenical Temple.
  5583 | D:6      | Noticed Sigmund
  5604 | D:6      | Killed Sigmund
  5881 | Temple   | Entered the Ecumenical Temple
  5954 | Temple   | Became a worshipper of Sif Muna the Loreminder
  6072 | D:6      | Reached skill level 12 in Air Magic
  6072 | D:6      | Reached XP level 9. HP: 42/45 MP: 13/19
  6159 | D:6      | Reached * piety under Sif Muna
  6159 | D:6      | Reached skill level 13 in Air Magic
  6161 | D:6      | Got a steaming leather armour
  6308 | D:6      | Identified the +0 leather armour "Waoh" {rC+ Dex+8} (You took it off a human on level 6 of the Dungeon)
  7198 | D:7      | Found a white marble altar of Elyvilon.
  7315 | D:7      | Reached skill level 14 in Air Magic
  7666 | D:8      | Reached ** piety under Sif Muna
  7812 | D:8      | Reached XP level 10. HP: 50/50 MP: 0/22
  8127 | D:8      | Noticed a three-headed hydra
  8162 | D:8      | Slain by a three-headed hydra

Vault maps used:
D:1:      tarquinn_simple_flora_water_e
D:2:      zin_treasury, overflow_temple_1_default
D:3:      bloody_trog, first_ration, minmay_lizard_king
D:4:      lemuel_doored_altar, grunt_decor_mini_mirrors, uniq_duvessa
D:5:      grunt_temple_overflow_growth_and_decay, uniq_edmund
D:6:      temple_doors_cd, basic_altar, minmay_ruffians, uniq_sigmund
D:7:      elyvilon_altar_4
D:8:      hangedman_ranch, vehumet_altar_wand_db, uniq_prince_ribbit1
Temple:   nicolae_temple_figure_eight

Skill      XL: |  1  2  3  4  5  6  7  8  9 |
---------------+----------------------------+-----
Air Magic      | 5 6 7 8 10 12 14 | 14.9
Spellcasting   | 3 4 5 6 7 |  7.7
Dodging        | |  2.1
Stealth        | |  2.0
Conjurations   | |  1.3

Action                   |  1- 3 |  4- 6 |  7- 9 | 10-12 || total
-------------------------+-------+-------+-------+-------++-------
Melee: Unarmed           |     8 |    20 |    11 |       ||    39
       Peck              |     3 |       |     1 |       ||     4
       Kick              |     2 |       |     1 |     1 ||     4
       Flail             |       |       |     7 |       ||     7
       Hand axe          |       |       |       |     1 ||     1
 Cast: Shock             |    69 |   128 |   128 |     1 ||   326
       Airstrike         |       |     2 |    53 |    16 ||    71
       Static Discharge  |       |       |     4 |       ||     4
Invok: Divine Energy     |       |       |     1 |       ||     1
 Abil: Fly               |       |     1 |       |       ||     1
  Use: Potion            |       |     1 |     1 |       ||     2
       Scroll            |       |       |     3 |       ||     3
 Stab: Sleeping          |       |       |     1 |       ||     1
  Eat: Chunk             |     2 |     7 |    14 |     4 ||    27
       Ration            |       |       |     1 |       ||     1
Armor: Robe              |     3 |     5 |     7 |     2 ||    17
       Skin              |       |     8 |     6 |       ||    14
Dodge: Dodged            |     9 |    20 |    24 |     6 ||    59

Table legend:
 A = Spawn XP
 B = Non-spawn XP
 C = Spawn XP percentage of total XP
 D = Spawn monster count
 E = Non-spawn monster count
 F = Spawn count percentage of total count
 G = Total turns spent on level
                    A         B        C        D         E        F      G
               +---------+---------+-------+---------+---------+-------+---------
         Total |       0 |    5369 |   0.0 |       0 |     171 |   0.0 |  8162
               +---------+---------+-------+---------+---------+-------+---------
           D:1 |       0 |      36 |   0.0 |       0 |      23 |   0.0 |   880
           D:2 |       0 |      94 |   0.0 |       0 |      27 |   0.0 |  1005
           D:3 |       0 |      62 |   0.0 |       0 |      30 |   0.0 |  1308
           D:4 |       0 |     630 |   0.0 |       0 |      14 |   0.0 |   743
           D:5 |       0 |     490 |   0.0 |       0 |      17 |   0.0 |  1234
           D:6 |       0 |    2133 |   0.0 |       0 |      31 |   0.0 |  1549
           D:7 |       0 |     701 |   0.0 |       0 |      17 |   0.0 |   856
           D:8 |       0 |    1223 |   0.0 |       0 |      12 |   0.0 |   501
               +---------+---------+-------+---------+---------+-------+---------
